 Dungeon Crawl Stone Soup version 0.24-a0-640-ge7cd8ce796 (webtiles) character file.

Game seed: 14453000155042179724, levelgen mode: deterministic

31 Dexcius the Firebug (level 3, 0/25 HPs)
             Began as a Demonspawn Fire Elementalist on Sept 25, 2019.
             Slain by an adder (3 damage)
             ... on level 2 of the Dungeon.
             The game lasted 00:04:57 (1008 turns).

Dexcius the Firebug (Demonspawn Fire Elementalist)  Turns: 1008, Time: 00:04:58

Health: 0/25       AC:  4    Str:  7 (8)  XL:     3   Next: 7%
Magic:  1/6        EV: 12    Int: 16 (17) God:
Gold:   80         SH:  0    Dex: 11 (13) Spells: 5/6 levels left

rFire    . . .     SeeInvis .   b - +0 whip
rCold    . . .     Gourm    .   (no shield)
rNeg     . . .     Faith    .   a - +0 robe
rPois    .         Spirit   .   (no helmet)
rElec    .         Reflect  .   (no cloak)
rCorr    .         Harm     .   (no gloves)
MR       .....                  d - +1 pair of boots
Stlth    ++........             (no amulet)
HPRegen  0.08/turn              (no ring)
MPRegen  0.10/turn              (no ring)

@: lethally poisoned (0 -> -6)
A: demonic guardian 1
a: no special abilities


You were on level 2 of the Dungeon.
You were not hungry.

You visited 1 branch of the dungeon, and saw 2 of its levels.

You collected 80 gold pieces.

Inventory:

Hand Weapons
 b - a +0 whip (weapon)
Armour
 a - a +0 robe (worn)
 d - a +1 pair of boots (worn)
Jewellery
 e - an uncursed amulet of faith
 j - an uncursed amulet of harm {unknown}
Scrolls
 g - a scroll of enchant weapon {unknown}
Comestibles
 c - a ration


   Skills:
 + Level 0.5 Fighting
 + Level 2.1 Dodging
 + Level 1.9 Stealth
 + Level 2.4 Spellcasting
 + Level 1.1 Conjurations
 + Level 3.0 Fire Magic


You had 5 spell levels left.
You knew the following spells:

 Your Spells              Type           Power        Failure   Level  Hunger
a - Flame Tongue          Conj/Fire      #....        9%          1    #......

Your spell library contained the following spells:

 Spells                   Type           Power        Failure   Level  Hunger
 Throw Flame              Conj/Fire      #.....       13%         2    ###....
 Conjure Flame            Conj/Fire      #.......     26%         3    ###....
 Inner Flame              Hex/Fire       #.......     32%         3    ###....
 Sticky Flame             Conj/Fire      #.......     63%         4    #####..
 Fireball                 Conj/Fire      #.........   93%         5    ######.


Dungeon Overview and Level Annotations

Branches:
Dungeon (2/15)

Altars:


Innate Abilities, Weirdness & Mutations

A weak demonic guardian rushes to your aid.


Message History

You feel sick. The adder barely misses you.
You miss the adder. The adder closely misses you. The adder barely misses you.
You hit the adder.
The adder is almost dead.
The adder barely misses you. The adder misses you. The adder bites you.
You are more poisoned.
The adder poisons you! The adder closely misses you.
You closely miss the adder.
The adder is almost dead.
You feel sick. The adder bites you but does no damage.
The adder barely misses you.
You closely miss the adder.
The adder is almost dead.
You feel sick. The adder misses you. The adder bites you.
* * * LOW HITPOINT WARNING * * *
The adder barely misses you.
You miss the adder.
The adder is almost dead.
The adder bites you.
You die...

#.# #.# #.#
#.# #######
#.#
##.....###.#
#..........#
#......#####
#.....S@#
#.##.##S## .
#. #.†#
.............#
.....?..$....#
....S........#
.............#
.............#
.............#


You could see 2 adders.

Vanquished Creatures
  An adder (D:2)
  A leopard gecko (D:2)
  4 hobgoblins
  4 jackals (D:1)
  A kobold (D:2)
  7 bats
  2 goblins
  A rat (D:1)
21 creatures vanquished.

Notes
Turn   | Place    | Note
-------+----------+-------------------------------------------
     0 | D:1      | Dexcius the Demonspawn Fire Elementalist began the quest
                  | for the Orb.
     0 | D:1      | Reached XP level 1. HP: 13/13 MP: 3/3
   198 | D:1      | Gained mutation: A weak demonic guardian rushes to your
                  | aid. [demonic ancestry]
   198 | D:1      | Reached XP level 2. HP: 19/19 MP: 1/5
   477 | D:1      | Reached skill level 3 in Fire Magic
   960 | D:2      | Reached XP level 3. HP: 5/25 MP: 0/6
  1008 | D:2      | Slain by an adder

Levels and vault maps discovered:
D:1:      psy_arrival_conway, layout_rooms
D:2:      layout_basic, lemuel_doored_altar, first_ration, wad_floor_pattern_2

Skill      XL: |  1  2 |
---------------+-------+-----
Dodging        | 2 |  2.1
Fire Magic     | 3 |  3.0
Fighting       | |  0.5
Stealth        | |  1.9
Spellcasting   | |  2.4
Conjurations   | |  1.1

Action                   || total
-------------------------++-------
Melee: Whip              ||    18
 Cast: Flame Tongue      ||    41
  Use: Potion            ||     4
       Scroll            ||     2
  Eat: Ration            ||     1
Armor: Robe              ||     9
Dodge: Dodged            ||    28

Table legend:
 A = Non-vault XP
 B = Vault XP
 C = Vault XP percentage of total XP
 D = Non-vault monster count
 E = Vault monster count
 F = Vault count percentage of total count
                 A         B        C        D         E       F
            +---------+---------+-------+---------+---------+-------
      Total |      45 |       0 |   0.0 |      21 |       0 |   0.0
            +---------+---------+-------+---------+---------+-------
        D:1 |      22 |       0 |   0.0 |      15 |       0 |   0.0
        D:2 |      23 |       0 |   0.0 |       6 |       0 |   0.0
            +---------+---------+-------+---------+---------+-------
